 Dungeon Crawl Stone Soup version 0.32-a0-859-gb0a091d592 (webtiles) character file.

Game seed: 15791039755962579652

84 Goblin1989 the Sneak (level 4, 0/33 HPs)
             Began as a Demonspawn Brigand on Mar 26, 2024.
             Was a Believer of Nemelex Xobeh.
             Slain by a hound (3 damage)
             ... on level 4 of the Dungeon on Mar 27, 2024.
             The game lasted 00:04:52 (2735 turns).

Goblin1989 the Sneak (Demonspawn Brigand)           Turns: 2735, Time: 00:04:52

Health: 0/33       AC:  3    Str: 12    XL:     4   Next: 24%
Magic:  4/4        EV: 11    Int: 11    God:    Nemelex Xobeh [**....]
Gold:   168        SH:  0    Dex: 16    Spells: 3/3 levels left

rFire   . . .        a - +2 dagger
rCold   . . .        (no shield)
rNeg    . . .        b - +0 robe
rPois   .            (no helmet)
rElec   .            c - +0 cloak
rCorr   .            (no gloves)
SInv    .            (no boots)
Will    .....        (no amulet)
Stlth   +++          (no ring)
HPRegen 0.25/turn    (no ring)
MPRegen 0.09/turn

%: no passive effects
@: no status effects
A: demonic guardian 1, weakness stinger 1
a: Renounce Religion, Draw Escape, Draw Destruction, Draw Summoning


You were on level 4 of the Dungeon.
You worshipped Nemelex Xobeh.
Nemelex Xobeh was pleased with you.
You visited 1 branch of the dungeon, and saw 4 of its levels.

You collected 168 gold pieces.

Inventory:

Hand Weapons
 a - a +2 dagger (weapon)
Missiles
 d - 15 poisoned darts (quivered)
 e - 3 curare-tipped darts
Armour
 b - a +0 robe (worn)
 c - a +0 cloak (worn)
 o - a +0 plate armour
Jewellery
 q - the ring "Bynu" {Ice *Slow Fly rPois SInv}
   (You found it on level 3 of the Dungeon)

   [ring of ice]

   Ice:       It enhances your ice magic.
   rF-:       It makes you vulnerable to fire.
   rC+:       It protects you from cold.
   rPois:     It protects you from poison.
   SInv:      It lets you see invisible.
   Fly:       It grants you flight.
   *Slow:     It may slow you when you take damage.
Scrolls
 f - 7 scrolls of identify {unknown}
 g - a scroll of fog {unknown}
 i - 2 scrolls of torment {unknown}
 j - a scroll of butterflies {unknown}
 l - a scroll of silence {unknown}
 m - a scroll of revelation {unknown}
 n - a scroll of brand weapon {unknown}
Potions
 h - 3 potions of heal wounds {unknown}
 k - 2 potions of brilliance {unknown}
 p - a potion of magic {unknown}
 r - a potion of curing {unknown}
 s - a potion of attraction {unknown}
 t - a potion of might {unknown}


   Skills:
 + Level 2.0 Fighting
 - Level 3.0 Short Blades
 - Level 1.7 Throwing
 + Level 0.1 Armour
 + Level 1.0 Dodging
 + Level 4.6 Stealth
 * Level 0.4 Unarmed Combat


You had 3 spell levels left.
You didn't know any spells.
Your spell library contained the following spells:

 Spells                   Type           Power      Damage    Failure   Level
 Animate Armour           Summ/Erth      0%         N/A       98%         4
 Summon Lightning Spire   Summ/Air       0%         N/A       98%         4
 Lee's Rapid Deconstruct  Erth           0%         3d4*      100%        5


Dungeon Overview and Level Annotations

Branches:
Dungeon (4/15) Zot: 21285
 Temple: D:4-7

Altars:
Ashenzari
Nemelex Xobeh

Annotations:
D:4 Blork the orc


Innate Abilities, Weirdness & Mutations

A weak demonic guardian rushes to your aid.
You have a small tail.


Message History

Found a stone staircase leading down.
You now have 168 gold pieces (gained 17).
Found a stone staircase leading up.
There is a stone staircase leading down here.
Found a quarterstaff.
t - a red potion An orc comes into view.
It is wielding a +0 short sword.
Found 8 stones.
You see here a +0 quarterstaff.
An orc is nearby!
An orc is nearby!
An orc is nearby!
Found 14 gold pieces.
A hobgoblin comes into view.
The orc shouts!
You hear a shout!
The orc barely misses you.
The hobgoblin shouts!
You hit the orc.
The orc is severely wounded.
You hit the orc.
You kill the orc!
Your Dodging skill increases to level 1!
You hit the hobgoblin.
The hobgoblin is heavily wounded.
The hobgoblin barely misses you.
A black bear comes into view.
You closely miss the hobgoblin.
The black bear growls angrily.
Your tail-slap misses the hobgoblin.
The hobgoblin is heavily wounded.
The hobgoblin barely misses you.
You hit the hobgoblin.
You kill the hobgoblin!
The black bear bites you. The black bear claws you.
The black bear claws you but does no damage.
You take 3 damage, and have 30/33 hp.
You barely miss the black bear. You tail-slap the black bear.
The black bear is lightly wounded.
A hound comes into view.
The black bear bites you. The black bear barely misses you. x2
You take 2 damage, and have 28/33 hp.
The hound barks!
You hit the black bear.
The black bear is lightly wounded.
The black bear bites you. The black bear claws you.
The black bear barely misses you.
You take 5 damage, and have 23/33 hp.
You barely miss the black bear.
Your tail-slap misses the black bear.
The black bear is lightly wounded.
You hit the black bear but do no damage.
The black bear is lightly wounded.
The black bear bites you.
A demonic guardian appears!
The black bear claws you. x2
Blork the orc comes into view.
He is wielding a +0 halberd.
You take 8 damage, and have 15/33 hp.
MASSIVE DAMAGE!!
You are too injured to fight recklessly!
You are too injured to fight recklessly!
You are too injured to fight recklessly!
You are too injured to fight recklessly!
You are too injured to fight recklessly!
You are too injured to fight recklessly!
You are too injured to fight recklessly!
You are too injured to fight recklessly!
You are too injured to fight recklessly!
You are too injured to fight recklessly!
You are too injured to fight recklessly!
You are too injured to fight recklessly!
You are too injured to fight recklessly!
You are too injured to fight recklessly!
You are too injured to fight recklessly!
You are too injured to fight recklessly!
You are too injured to fight recklessly!
You are too injured to fight recklessly!
You are too injured to fight recklessly!
You draw a card...
You have drawn the Tomb.
Walls emerge from the floor!
The black bear bites you but does no damage.
The black bear claws you.
* * * LOW HITPOINT WARNING * * *
The black bear claws you.
* * * LOW HITPOINT WARNING * * *
The hound barely misses you.
You take 3 damage, and have 12/33 hp.
You draw a card...
You have drawn the Dance.
The deck of cards glows with a rainbow of weird colours and disappears.
The hound bites you.
* * * LOW HITPOINT WARNING * * *
The black bear bites you.
* * * LOW HITPOINT WARNING * * *
The black bear barely misses you.
The black bear claws you but does no damage.
The hound bites you but does no damage.
You take 8 damage, and have 4/33 hp.
MASSIVE DAMAGE!!
You hit the hound but do no damage. The black bear barely misses you.
The black bear claws you.
* * * LOW HITPOINT WARNING * * *
The black bear claws you but does no damage.
Your +0 hand axe of venom misses the hound.
Your +0 hand axe of venom completely misses the black bear.
The hound bites you.
You die...
Your body glows slightly and disappears.

█....
.....................
..███
█................███.
██.█.....█...███.███.
████.....███...█ █.██..
.....██.███...█ █.██.█
█.██.█.█.......█ █.██.█
..............████..█.█
█(h██......█.....█.█
█h@█............█.█
████..............█
█5.(.)...███████..█
...........██ █..█
...█.........██████..█
....█..$....█.).......█
...█........█████████.█
..██.█....... █.█
█...█..██.. ..█


You could see a black bear, a hound (ally target) and a friendly +0 hand axe of
venom (summoned).

Vanquished Creatures
  2 adders (D:2)
  A dart slug (D:3)
  2 ribbon worms
  An orc (D:4)
  12 bats
  2 endoplasms
  A giant cockroach (D:1)
  2 goblins
  8 hobgoblins
  3 jackals (D:1)
  A quokka (D:1)
  6 ball pythons
  2 frilled lizards (D:1)
  3 kobolds
  4 rats
50 creatures vanquished.

Vanquished Creatures (collateral kills)
  A ribbon worm (D:2)
  A ball python (D:1)
  A bat (D:1)
  A jackal (D:1)
  A kobold (D:1)
5 creatures vanquished.

Grand Total: 55 creatures vanquished

Notes
Turn   | Place    | Note
-------+----------+-------------------------------------------
     0 | D:1      | Goblin1989 the Demonspawn Brigand began the quest for the
                  | Orb.
     0 | D:1      | Reached XP level 1. HP: 16/16 MP: 1/1
   105 | D:1      | Gained mutation: A weak demonic guardian rushes to your
                  | aid. [demonic ancestry]
   105 | D:1      | Reached XP level 2. HP: 19/22 MP: 2/2
   193 | D:1      | Reached skill level 4 in Stealth
   202 | D:1      | Upgraded the game from 0.32-a0-841-g4648e6c457 to
                  | 0.32-a0-859-gb0a091d592
   452 | D:1      | Reached XP level 3. HP: 27/27 MP: 3/3
   785 | D:2      | HP: 1/27 [ribbon worm (4)]
   934 | D:2      | Found a faded altar of an unknown god.
  1153 | D:2      | Prayed at the altar of an unknown god.
  1153 | D:2      | Became a worshipper of Nemelex Xobeh the Trickster
  1153 | D:2      | Reached * piety under Nemelex Xobeh
  1511 | D:2      | Received a gift from Nemelex Xobeh
  1768 | D:3      | Reached ** piety under Nemelex Xobeh
  1909 | D:3      | Discovered your monstrous ancestry.
  1909 | D:3      | Gained mutation: You have a small tail. [demonic ancestry]
  1909 | D:3      | Reached XP level 4. HP: 31/33 MP: 4/4
  2103 | D:3      | Found a broken altar of Ashenzari.
  2181 | D:3      | Identified the ring "Bynu" {Ice *Slow Fly rPois SInv}
  2722 | D:4      | Reached skill level 1 in Dodging
  2724 | D:4      | Noticed a black bear
  2732 | D:4      | Noticed Blork the orc
  2735 | D:4      | Slain by a hound

Illustrated notes

Levels and vault maps discovered:
D:1:      mushboom_english_gardens, layout_rooms
D:2:      layout_loops_corners, shapermc_ecumenical_altar_flowoftime
D:3:      minmay_door_path, layout_loops_ring, lemuel_doored_altar,
          minmay_unequal
D:4:      layout_rooms, trog_butcher_becter, minmay_misc_feat_square,
          corexii_item_surrounded_by_moat, uniq_natasha, uniq_duvessa,
          uniq_blork_the_orc, uniq_pikel

Skill      XL: |  1  2  3  4 |
---------------+-------------+-----
Short Blades   | 2 3 |  3.0
Stealth        | 4 |  4.6
Dodging        | 1 |  1.0
Fighting       | |  2.0
Throwing       | |  1.7
Armour         | |  0.1
Unarmed Combat | |  0.4

Action                     |  1- 3 |  4- 6 || total
---------------------------+-------+-------++-------
  Melee: Dagger            |   140 |    29 ||   169
         Tailslap          |       |     3 ||     3
  Throw: Dart              |     2 |       ||     2
 Invoke: Draw Summoning    |     1 |     1 ||     2
         Draw Escape       |       |     1 ||     1
   Stab: Sleeping          |     8 |     2 ||    10
         Distracted        |     1 |       ||     1
 Armour: Robe              |   100 |    29 ||   129
  Dodge: Dodged            |    84 |    19 ||   103

Table legend: (Time is in decaauts)
 A = Elapsed time spent in this place.
 B = Non-inter-level travel time spent in this place.
 C = Inter-level travel time spent in this place.
 D = Time resting spent in this place.
 E = Time spent auto-exploring this place.
 F = Levels seen in this place.
 G = Mean time per level.
                   A        B        C        D        E       F      G
               +--------+--------+--------+--------+--------+-----+--------+
         Total |   2713 |   2522 |    191 |    153 |   1977 |   4 |  678.2 |
       Dungeon |   2713 |   2522 |    191 |    153 |   1977 |   4 |  678.2 |
               +--------+--------+--------+--------+--------+-----+--------+

Top non-repeatable levels by time:
     D:2: 1061 daAuts
     D:3: 871 daAuts
     D:1: 691 daAuts
     D:4: 89 daAuts
